 Dungeon Crawl Stone Soup version 0.26-a0-665-gefeb406119 (webtiles) character file.

Game seed: 11005152283399414160

1373 robertstho the Bolt Thrower (level 8, -3/50 HPs)
             Began as a Kobold Hunter on Oct 15, 2020.
             Slain by a troll (6 damage)
             ... on level 6 of the Dungeon.
             The game lasted 00:11:14 (6873 turns).

robertstho the Bolt Thrower (Kobold Hunter)         Turns: 6873, Time: 00:11:14

Health: -3/50      AC: 13    Str: 11    XL:     8   Next: 98%
Magic:  17/17      EV:  4    Int: 13    God:
Gold:   434        SH:  6    Dex: 15    Spells: 7/7 levels left

rFire    . . .     SeeInvis .   o - +4 mace of the Sun {flame, rN+}
rCold    . . .     Faith    .   q - +1 buckler {reflect}
rNeg     + . .     Spirit   .   k - +0 plate armour
rPois    .         Reflect  +   (no helmet)
rElec    .         Harm     .   u - +0 cloak
rCorr    .         Rampage  .   (no gloves)
MR       .....                  l - +0 pair of boots
Stlth    ..........             n - amulet of regeneration
HPRegen  0.56/turn              i - ring of magical power
MPRegen  0.15/turn              (no ring)

@: lightly drained
A: small, nightstalker 3
a: no special abilities


You were on level 6 of the Dungeon.
You visited 1 branch of the dungeon, and saw 6 of its levels.

You collected 434 gold pieces.

Inventory:

Hand Weapons
 a - a +1 hand crossbow
 o - the +4 mace of the Sun (weapon) {flame, rN+}
   (You found it on level 5 of the Dungeon)

   It has been specially enchanted to burn those struck by it, causing extra
   injury to most foes and up to half again as much damage against particularly
   susceptible opponents.
   It protects you from negative energy.
 p - a +2 short sword of speed
Missiles
 d - a bolt
Armour
 k - a +0 plate armour (worn)
 l - a +0 pair of boots (worn)
 q - a +1 buckler of reflection (worn)
 u - a +0 cloak (worn)
Jewellery
 i - a ring of magical power (left hand)
 n - an amulet of regeneration (around neck)
Wands
 c - a wand of flame (31)
 r - a wand of iceblast (7)
Scrolls
 b - a scroll of teleportation
 e - a scroll of vulnerability {unknown}
 f - 4 scrolls of identify
 g - a scroll of magic mapping
 j - 5 scrolls of remove curse
 m - a scroll of amnesia {unknown}
 s - 2 scrolls of immolation {unknown}
 t - a scroll of enchant weapon {unknown}
Potions
 h - 2 potions of haste {unknown}


   Skills:
 * Level 5.4(5.3) Fighting
 + Level 4.6(4.5) Short Blades
 + Level 0.3(0.2) Maces & Flails
 * Level 7.8(7.7) Crossbows
 + Level 1.9(1.8) Throwing
 * Level 3.5 Armour
 + Level 2.5(2.4) Dodging
 * Level 5.1 Stealth
 + Level 1.7(1.6) Shields


You had 7 spell levels left.
You didn't know any spells.
Your spell library was empty.

Dungeon Overview and Level Annotations

Branches:
Dungeon (6/15)
 Temple: D:4-7

Altars:
Cheibriados
Gozag
Nemelex Xobeh
Qazlal
Uskayaw
Xom


Innate Abilities, Weirdness & Mutations

You are small and have problems with some larger weapons.
You are completely attuned to the shadows.


Message History

Aiming: Throw Flame
Press: ? - help, Shift-Dir - straight line, f/p - adder
Aim: an adder (heavily wounded)
The puff of flame hits the adder!
You kill the adder!
Unknown command.
Evoke which item? (* to show all) (? for menu, Esc to quit)
Aiming: Throw Flame
Press: ? - help, Shift-Dir - straight line, f - troll
Aim: a troll The puff of flame hits the troll.
The troll is lightly wounded.
The troll bites you!
* * * LOW HITPOINT WARNING * * *
The troll claws you but does no damage. The troll claws you.
* * * LOW HITPOINT WARNING * * *
You feel better. You block the troll's attack. The troll claws you!
* * * LOW HITPOINT WARNING * * *
The troll claws you.
You die...

#.#....# #.#.##.#
#.#.##.# #.#.##.#
#.#.##.# #.#.##.#
#.#.##.####
########.#.##.##.#
#.T@...#.#.##.##.#
#.####.#....#....#
#†####.#.##.####.#
#####'##.............#
....>........##.######
.............##.#
.............##.#
......(......##.
......?..


You could see a troll.

Vanquished Creatures
  Edmund (D:5)
  An ice beast (D:5)
  A centaur (D:5)
  Blork the orc (D:5)
  2 scorpions
  A howler monkey (D:5)
  4 crimson imps (D:4)
  3 orc priests
  Crazy Yiuf (D:5)
  Ijyb (D:5)
  4 iguanas
  Natasha (twice) (D:2)
  4 orc wizards
  3 worker ants
  A hound zombie (D:5)
  A hound skeleton (D:4)
  A howler monkey zombie (D:6)
  4 gnolls (D:2)
  7 adders
  A white imp (D:6)
  4 worms
  3 leopard geckos (D:2)
  22 orcs
  6 giant cockroaches
  7 goblins
  5 hobgoblins
  10 jackals
  3 quokkas
  2 ball pythons
  7 bats
  2 frilled lizards
  7 kobolds
  5 rats
127 creatures vanquished.

Notes
Turn   | Place    | Note
-------+----------+-------------------------------------------
     0 | D:1      | robertstho the Kobold Hunter began the quest for the Orb.
     0 | D:1      | Reached XP level 1. HP: 12/12 MP: 1/1
   183 | D:1      | Reached skill level 5 in Crossbows
   442 | D:1      | Reached XP level 2. HP: 18/18 MP: 2/2
  1116 | D:2      | Reached XP level 3. HP: 22/22 MP: 3/3
  1454 | D:2      | Reached skill level 1 in Armour
  1454 | D:2      | Reached XP level 4. HP: 21/27 MP: 4/4
  1539 | D:2      | Found a faded altar of an unknown god.
  1561 | D:2      | Noticed Natasha
  1564 | D:2      | Reached skill level 6 in Crossbows
  1580 | D:2      | Killed Natasha
  1901 | D:2      | Found a snail-covered altar of Cheibriados.
  1990 | D:2      | Noticed Natasha
  1994 | D:2      | Killed Natasha
  1994 | D:2      | Reached XP level 5. HP: 31/31 MP: 5/5
  2372 | D:2      | Found a sparkling altar of Nemelex Xobeh.
  3047 | D:3      | Reached XP level 6. HP: 33/36 MP: 6/6
  3438 | D:3      | Reached skill level 1 in Short Blades
  3535 | D:4      | Found an opulent altar of Gozag.
  3670 | D:4      | Found a shimmering altar of Xom.
  4057 | D:4      | Reached XP level 7. HP: 42/42 MP: 7/7
  4502 | D:5      | Entered Level 5 of the Dungeon
  4512 | D:5      | Noticed Ijyb
  4520 | D:5      | Reached skill level 1 in Shields
  4571 | D:5      | Killed Ijyb
  4571 | D:5      | Reached skill level 7 in Crossbows
  4574 | D:5      | Reached skill level 1 in Throwing
  4720 | D:5      | Noticed Edmund
  4737 | D:5      | Reached XP level 8. HP: 45/48 MP: 8/8
  4758 | D:5      | Killed Edmund
  5703 | D:5      | Reached skill level 5 in Fighting
  6161 | D:5      | Found a stormy altar of Qazlal.
  6195 | D:5      | Noticed Blork the orc
  6223 | D:5      | Killed Blork the orc
  6223 | D:5      | Reached skill level 5 in Stealth
  6266 | D:5      | Found a runed translucent door.
  6267 | D:5      | Noticed Crazy Yiuf
  6295 | D:5      | Found a hide-covered altar of Uskayaw.
  6608 | D:5      | Killed Crazy Yiuf
  6613 | D:5      | Got a dazzling mace
  6682 | D:5      | Identified the +4 mace of the Sun {flame, rN+} (You found
                  | it on level 5 of the Dungeon)
  6859 | D:6      | Noticed a troll
  6873 | D:6      | Slain by a troll

Illustrated notes

Levels and vault maps discovered:
D:1:      lemuel_arrival_river_bridge, layout_loops_cross, minivault_5
D:2:      layout_rooms, nemelex_xobeh_ov_fountains_minmay,
          chequers_ecumenical_altar_island, serial_park_tiny_pond,
          cheibriados_altar_1, uniq_natasha
D:3:      layout_loops_ring, grunt_ministairs_12
D:4:      lemuel_upstairs_altar, layout_loops_cross, lemuel_round_altar,
          led_xom_imps
D:5:      layout_layer_cave, kennysheep_mini, nicolae_qazlal_general_emergency,
          kennysheep_small_circle, uniq_edmund, uniq_ijyb,
          uniq_crazy_yiuf_cottage, uniq_blork_the_orc
D:6:      layout_basic, minmay_temple_entry_tees

Skill      XL: |  1  2  3  4  5  6  7  8 |
---------------+-------------------------+-----
Crossbows      | 5 6 7 |  7.8
Armour         | 1 2 3 |  3.5
Stealth        | 2 3 5 |  5.1
Short Blades   | 2 3 4 |  4.6
Fighting       | 3 4 5 |  5.4
Shields        | 1 |  1.7
Throwing       | 1 |  1.9
Maces & Flails | |  0.3
Dodging        | |  2.5

Action                   |  1- 3 |  4- 6 |  7- 9 || total
-------------------------+-------+-------+-------++-------
Melee: Short sword       |       |   292 |   402 ||   694
       Mace              |       |       |    21 ||    21
       Unarmed           |       |       |     2 ||     2
 Fire: Hand crossbow     |    58 |    73 |     4 ||   135
Throw: Dart              |       |    25 |    22 ||    47
Evoke: Wand              |       |       |     4 ||     4
  Use: Potion            |       |     3 |     6 ||     9
       Scroll            |       |     4 |     2 ||     6
Armor: Leather armour    |     3 |       |       ||     3
       Plate armour      |     9 |   253 |   212 ||   474
       Skin              |       |       |     1 ||     1
Dodge: Dodged            |    19 |    44 |    58 ||   121
Block: Buckler           |       |    82 |    93 ||   175
       Reflection        |       |     3 |       ||     3

Table legend: (Time is in decaauts)
 A = Elapsed time spent in this place.
 B = Non-inter-level travel time spent in this place.
 C = Inter-level travel time spent in this place.
 D = Time resting spent in this place.
 E = Time spent auto-exploring this place.
 F = Levels seen in this place.
 G = Mean time per level.
                   A        B        C        D        E       F      G
               +--------+--------+--------+--------+--------+-----+--------+
         Total |   6716 |   6367 |    349 |    944 |   4106 |   6 | 1119.3 |
       Dungeon |   6716 |   6367 |    349 |    944 |   4106 |   6 | 1119.3 |
               +--------+--------+--------+--------+--------+-----+--------+

Top non-repeatable levels by time:
     D:5: 2093 daAuts
     D:1: 1577 daAuts
     D:2: 1034 daAuts
     D:4: 950 daAuts
     D:3: 898 daAuts
     D:6: 162 daAuts
